 Dungeon Crawl Stone Soup version 0.27-a0-899-ge2d0b17c59 (webtiles) character file.

Game seed: 8845258046880681208

65 spiderkeys the Bolt Thrower (level 4, -1/26 HPs)
             Began as a Kobold Hunter on Apr 6, 2021.
             Slain by Crazy Yiuf
             ... wielding a +2 quarterstaff of chaos
              (5 damage)
             ... on level 2 of the Dungeon.
             The game lasted 00:03:06 (2238 turns).

spiderkeys the Bolt Thrower (Kobold Hunter)         Turns: 2238, Time: 00:03:07

Health: -1/26      AC:  4    Str:  9    XL:     4   Next: 35%
Magic:  4/4        EV: 14    Int: 12    God:
Gold:   77         SH:  0    Dex: 16    Spells: 3/3 levels left

rFire    . . .     SeeInvis .   a - +1 hand crossbow
rCold    . . .     Faith    .   (shield restricted)
rNeg     . . .     Spirit   .   c - +0 leather armour
rPois    .         Reflect  .   (no helmet)
rElec    .         Harm     .   (no cloak)
rCorr    .         Rampage  .   e - +0 pair of gloves
Will     .....                  (no boots)
Stlth    +++.......             (no amulet)
HPRegen  0.08/turn              (no ring)
MPRegen  0.09/turn              (no ring)

@: no status effects
A: small, no large weapons, nightstalker 3
a: no special abilities


You were on level 2 of the Dungeon.
You visited 1 branch of the dungeon, and saw 2 of its levels.

You collected 77 gold pieces.

Inventory:

Hand Weapons
 a - a +1 hand crossbow (weapon)
 b - a +0 short sword
Missiles
 d - 30 bolts (quivered ammo)
Armour
 c - a +0 leather armour (worn)
 e - a +0 pair of gloves (worn)
Potions
 f - 2 potions of curing
 g - a potion of invisibility
 h - a potion of ambrosia {unknown}
 j - a potion of mutation {unknown}


   Skills:
 - Level 2.1 Fighting
 * Level 3.2 Short Blades
 - Level 5.0 Crossbows
 - Level 2.4 Dodging
 * Level 3.8 Stealth


You had 3 spell levels left.
You didn't know any spells.
Your spell library was empty.

Dungeon Overview and Level Annotations

Branches:
Dungeon (2/15)

Altars:

Shops:
D:2 ?

Annotations:
D:2 Crazy Yiuf


Innate Abilities, Weirdness & Mutations

You are small and have problems with some larger weapons.
You are completely attuned to the shadows.


Message History

Okay, then.
You now have 72 gold pieces (gained 7).
You see here a hobgoblin corpse.
Found a stone staircase leading down.
Okay, then.
As you read the scroll of identify, it crumbles to dust.
g - a potion of invisibility
There is a stone staircase leading down here.
You now have 77 gold pieces (gained 5).
Found a stone staircase leading down.
You see here a +0 leather armour.
Could not explore, unopened runed door.
As you open the door, it creaks loudly!
Crazy Yiuf shouts!
a - a +1 hand crossbow (weapon)
You shoot a bolt. The bolt hits Crazy Yiuf!
Crazy Yiuf is moderately wounded.
Crazy Yiuf closely misses you.
You shoot a bolt. The bolt hits Crazy Yiuf!
Crazy Yiuf is severely wounded.
Crazy Yiuf drinks a potion.
Crazy Yiuf is healed!
You shoot a bolt. The bolt hits Crazy Yiuf!
Crazy Yiuf is severely wounded.
Crazy Yiuf hits you with a +2 quarterstaff of chaos!
You shoot a bolt. The bolt completely misses Crazy Yiuf.
Crazy Yiuf misses you.
You shoot a bolt. The bolt hits Crazy Yiuf.
Crazy Yiuf is almost dead.
Crazy Yiuf hits you with a +2 quarterstaff of chaos!
* * * LOW HITPOINT WARNING * * *
Crazy Yiuf draws strength from your wounds!
Crazy Yiuf barely misses you.
You are too injured to fight recklessly!
You are too injured to fight recklessly!
You are too injured to fight recklessly!
Fire: 31 bolts
Press: ? - help, Q - select action Shift-Dir - straight line, f/p - Crazy Yiuf
Aim: Crazy Yiuf, wielding a +2 quarterstaff of chaos and wearing a +0 cloak (heavily wounded, 70% to hit)
You shoot a bolt. The bolt hits Crazy Yiuf!
Crazy Yiuf is almost dead.
Crazy Yiuf hits you with a +2 quarterstaff of chaos.
You die...

######## .......#
####### .......#
#...(.## .......#
#)..# ####.....##
.......# #...#
#..........
.......# .(.
#.###..####
...†...# #'# #>#
#...# .......####
♣g♣♣ #.###.#.#
.......#..# ♣♣@♣
#..#..#.#
.......#..# ♣.♣♣
##....#.#
..........# ♣♣.♣
##....#.###
###.#.#.#.# ♣♣.♣♣
#.....#.##)
.##.#.#.#.# ♣♣...♣
#.##.......
.##.#.#...# ♣....♣
#.##..#....
..#.#.#..## ##..##
###.##..#.#..
#.†...#.#.####....#
#...........#
##...........#....#
###.#........


You could see Crazy Yiuf.

Vanquished Creatures
  An adder (D:2)
  4 dart slugs
  5 ball pythons (D:2)
  3 endoplasms
  3 giant cockroaches
  6 goblins
  4 hobgoblins
  4 jackals
  A quokka (D:1)
  4 bats
  6 frilled lizards
  2 kobolds
  2 rats
45 creatures vanquished.

Notes
Turn   | Place    | Note
-------+----------+-------------------------------------------
     0 | D:1      | spiderkeys the Kobold Hunter began the quest for the Orb.
     0 | D:1      | Reached XP level 1. HP: 12/12 MP: 1/1
   217 | D:1      | Reached skill level 1 in Short Blades
   217 | D:1      | Reached XP level 2. HP: 17/17 MP: 2/2
   351 | D:1      | Reached skill level 5 in Crossbows
   610 | D:1      | Reached XP level 3. HP: 19/21 MP: 3/3
   885 | D:1      | Found a faded altar of an unknown god.
  1709 | D:2      | Reached XP level 4. HP: 14/26 MP: 4/4
  1930 | D:2      | Found a runed translucent door.
  1933 | D:2      | Noticed Crazy Yiuf
  2035 | D:2      | Found Bahenyri's Magic Scroll Shoppe.
  2238 | D:2      | Slain by Crazy Yiuf

Illustrated notes

Levels and vault maps discovered:
D:1:      erik_arrival_blinker_ship, layout_basic,
          chequers_ecumenical_altar_twisty
D:2:      layout_rooms, serial_shops, shop, minmay_lizard_pond,
          uniq_crazy_yiuf_cottage

Skill      XL: |  1  2  3  4 |
---------------+-------------+-----
Short Blades   | 1 2 3 |  3.2
Stealth        | 2 3 |  3.8
Crossbows      | 5 |  5.0
Fighting       | |  2.1
Dodging        | |  2.4

Action                   |  1- 3 |  4- 6 || total
-------------------------+-------+-------++-------
Melee: Short sword       |    96 |    26 ||   122
 Fire: Hand crossbow     |    21 |     6 ||    27
  Use: Scroll            |     3 |     1 ||     4
 Stab: Sleeping          |    14 |     2 ||    16
Armor: Leather armour    |    31 |     3 ||    34
Dodge: Dodged            |    86 |    22 ||   108

Table legend: (Time is in decaauts)
 A = Elapsed time spent in this place.
 B = Non-inter-level travel time spent in this place.
 C = Inter-level travel time spent in this place.
 D = Time resting spent in this place.
 E = Time spent auto-exploring this place.
 F = Levels seen in this place.
 G = Mean time per level.
                   A        B        C        D        E       F      G
               +--------+--------+--------+--------+--------+-----+--------+
         Total |   2244 |   2218 |     26 |      0 |   1880 |   2 | 1122.0 |
       Dungeon |   2244 |   2218 |     26 |      0 |   1880 |   2 | 1122.0 |
               +--------+--------+--------+--------+--------+-----+--------+

Top non-repeatable levels by time:
     D:1: 1325 daAuts
     D:2: 918 daAuts
